Map: Site Delta LE

Players

Sage - Winner!

  • Race: Protoss Protoss
  • League: Platinum
  • Spawn Location: 11:00

Subwayeatn

  • Race: Zerg Zerg
  • League: Platinum
  • Spawn Location: 5:00

VOD

Have the link to the VOD?

Description

Time

  • Played on: Nov. 4, 2023, 5:10 p.m.
  • Length: 3:54
Show
View Real Time Build Order
Export as new Build Order

Sage Protoss - Winner!

Build Orders: 1 Gate Expand 

Get SALT Encoding   

  12  0:00  Probe (Chrono Boost)  
  13  0:10  Probe (Chrono Boost)  
  14  0:18  Pylon  
  14  0:21  Probe  
  15  0:36  Probe  
  15  0:42  Gateway  
  16  0:48  Probe  
  17  0:51  Assimilator  
  17  1:00  Probe  
  18  1:12  Probe  
  19  1:25  Probe  
  20  1:30  Nexus  
  20  1:39  Cybernetics Core  
  20  1:44  Pylon  
  20  1:46  Probe (Chrono Boost)  
  21  1:53  Assimilator  
  21  1:59  Probe (Chrono Boost)  
  22  2:05  Probe  
  23  2:10  Pylon  
  23  2:17  Adept (Chrono Boost)  
  23  2:20  Probe  
  26  2:36  Twilight Council  
  26  2:37  Probe  
  27  2:47  Adept  
  27  2:48  Probe (Chrono Boost)  
  30  2:54  Shield Battery  
  31  3:00  Probe x2 (Chrono Boost)  
  32  3:05  Gateway  
  30  3:24  Pylon  
  32  3:33  Pylon  
  32  3:38  Probe x2  
Show
View Real Time Build Order
Export as new Build Order

Subwayeatn Zerg 

Build Orders: Pool First 

Get SALT Encoding   

  12  0:00  Drone  
  13  0:12  Overlord  
  13  0:18  Drone  
  14  0:31  Drone x2  
  14  0:34  Drone  
  17  0:45  Drone  
  17  0:48  Extractor  
  17  0:50  Spawning Pool  
  16  1:11  Hatchery  
  15  1:21  Drone x2  
  15  1:22  Drone  
  18  1:32  Overlord  
  18  1:43  Zergling x2  
  19  1:53  Zergling x2  
  20  2:01  Metabolic Boost  
  20  2:05  Queen  
  22  2:16  Zergling x4  
  24  2:25  Queen  
  26  2:36  Drone x3  
  28  2:46  Zergling x4  
  30  2:54  Zergling x2  
  31  3:01  Queen  
Tags
 
Add a new tag
Caveats
  • Supply blocks, unpowered buildings, or Contaminate may cause inaccurate times.
  • Supply counts are checked every 10 seconds.